 Dungeon Crawl Stone Soup version 0.31-a0-1104-g3bd3108 (webtiles) character file.

Game seed: 11473175360536747324

2001421 Kearsarge the Conqueror (level 25, 257/257 HPs)
             Began as a Minotaur Fighter on Dec 2, 2023.
             Was an Initiate of Gozag.
             Escaped with the Orb
             ... and 3 runes!
             The game lasted 01:10:11 (47321 turns).

Kearsarge the Conqueror (Minotaur Fighter)         Turns: 47321, Time: 01:10:11

Health: 257/257    AC: 42    Str: 31    XL:     25   Next: 10%
Magic:  22/22      EV: 23    Int: 12    God:    Gozag
Gold:   1429       SH: 26    Dex: 19    Spells: 24/24 levels left

rFire   + + +        x - +7 war axe of Inconvenience {heavy, rF+++ rC++ Will- SInv}
rCold   + + +        G - +1 tower shield
rNeg    + + .        f - +9 plate armour {rC+}
rPois   +            D - +0 mask of the Dragon {Will+ Slay+3 SInv}
rElec   +            L - +2 cloak {Will+}
rCorr   +            z - +2 pair of gloves {Stlth+}
SInv    +            Z - +2 pair of boots of Xowimp {rN++ Str+3 Int+4 Dex+4}
Will    +++..        O - amulet of regeneration Stlth
                     o - ring of Wouskaah {rElec Will+ rCorr Int+3}
HPRegen 1.42/turn    y - ring of poison resistance
MPRegen 0.18/turn

%: no passive effects
@: no status effects
A: horns 2, retaliatory headbutt, no potion heal 1, inability to read after
injury 1
0: Orb of Zot
}: 3/15 runes: decaying, silver, gossamer
a: Renounce Religion, Potion Petition, Call Merchant, Bribe Branch


You escaped.
You worshipped Gozag.
Gozag was most pleased with you.
You visited 9 branches of the dungeon, and saw 47 of its levels.
You visited the Abyss 1 time.
You visited 1 ziggurat, and saw 3 of its levels.
You also visited: Sewer and Bailey.

You collected 26880 gold pieces.
You spent 5269 gold pieces at shops.
You paid 20182 gold pieces to Gozag.

Inventory:

Hand Weapons
 n - a +4 broad axe of protection
 x - the +7 war axe of Inconvenience (weapon) {heavy, rF+++ rC++ Will- SInv}
   (You found it in a bailey)

   rF+++:     It renders you almost immune to fire.
   rC++:      It greatly protects you from cold.
   Will-:     It decreases your willpower.
   SInv:      It lets you see invisible.
Missiles
 u - a throwing net
 Y - 17 silver javelins
Armour
 f - a +9 plate armour of cold resistance (worn)
 z - a +2 pair of gloves of stealth (worn)
 D - the +0 mask of the Dragon (worn) {Will+ Slay+3 SInv}
   (You bought it in a shop on level 1 of the Vaults)

   Slay+3:    It affects your accuracy & damage with ranged weapons and melee
   (+3).
   Will+:     It increases your willpower.
   SInv:      It lets you see invisible.
 G - a +1 tower shield (worn)
 L - a +2 cloak of willpower (worn)
 Z - the +2 pair of boots of Xowimp (worn) {rN++ Str+3 Int+4 Dex+4}
   (You bought it in a shop on level 1 of the Vaults)

   Str+3:     It affects your strength (+3).
   Int+4:     It affects your intelligence (+4).
   Dex+4:     It affects your dexterity (+4).
   rN++:      It greatly protects you from negative energy.
Jewellery
 h - the ring of Ysetacua {rElec rF- rC+ Str+6 Dex+8}
   (You acquired it on level 1 of the Lair of Beasts)

   [ring of strength]

   Str+6:     It affects your strength (+6).
   Dex+8:     It affects your dexterity (+8).
   rF-:       It makes you vulnerable to fire.
   rC+:       It protects you from cold.
   rElec:     It insulates you from electricity.
 o - the ring of Wouskaah (left hand) {rElec Will+ rCorr Int+3}
   (You found it on level 3 of the Elven Halls)

   [ring of resist corrosion]

   Int+3:     It affects your intelligence (+3).
   rElec:     It insulates you from electricity.
   Will+:     It increases your willpower.
   rCorr:     It protects you from acid and corrosion.
 y - a ring of poison resistance (right hand)
 O - an amulet of regeneration (around neck)
 U - the ring "Wilorr" {rF+ rCorr Str+2}
   (You took it off a fire giant on level 5 of the Vaults)

   [ring of protection from fire]

   Str+2:     It affects your strength (+2).
   rF+:       It protects you from fire.
   rCorr:     It protects you from acid and corrosion.
Wands
 c - a wand of polymorph (14)
 v - a wand of digging (7)
 w - a wand of mindburst (12)
 E - a wand of light (16)
 N - a wand of roots (72)
Scrolls
 e - 14 scrolls of enchant weapon
 g - 2 scrolls of blinking
 j - 18 scrolls of teleportation
 p - a scroll of revelation
 q - 8 scrolls of noise
 A - 6 scrolls of fear
 C - 3 scrolls of torment
 K - 9 scrolls of poison
 Q - a scroll of silence
 R - 6 scrolls of vulnerability
 W - 5 scrolls of immolation
 X - 2 scrolls of fog
Potions
 b - a potion of attraction
 d - a potion of might
 i - 10 potions of mutation
 k - 6 potions of heal wounds
 l - 5 potions of brilliance
 m - 6 potions of ambrosia
 r - 7 potions of resistance
 s - 2 potions of cancellation
 t - 9 potions of enlightenment
 B - 5 potions of magic
 F - 6 potions of lignification
 H - 3 potions of haste
 J - 27 potions of curing
 M - 2 potions of invisibility
 T - 2 potions of berserk rage
Miscellaneous
 a - a condenser vane
 I - a phantom mirror
 P - a sack of spiders
 V - a lightning rod (4/4)


   Skills:
 O Level 27 Fighting
 - Level 22.1 Axes
 + Level 24.9 Armour
 - Level 24.4 Dodging
 + Level 24.9 Shields


You had 24 spell levels left.
You didn't know any spells.
Your spell library contained the following spells:

 Spells                   Type           Power      Damage    Failure   Level
 Apportation              Tloc           0%         N/A       73%         1
 Freeze                   Ice            0%         1d3       73%         1
 Necrotise                Necr           0%         1d4       73%         1
 Shock                    Conj/Air       0%         1d3       73%         1
 Slow                     Hex            0%         N/A       73%         1
 Summon Small Mammal      Summ           0%         N/A       73%         1
 Call Imp                 Summ           0%         N/A       86%         2
 Cigotuvi's Dreadful Rot  Necr/Pois/Air  0%         N/A       86%         2
 Ensorcelled Hibernation  Hex/Ice        0%         N/A       86%         2
 Jinxbite                 Hex            0%         N/A       86%         2
 Passwall                 Tmut/Erth      0%         N/A       86%         2
 Static Discharge         Conj/Air       0%         3-3/arc   86%         2
 Sublimation of Blood     Necr           0%         N/A       86%         2
 Call Canine Familiar     Summ           0%         N/A       97%         3
 Confusing Touch          Hex            0%         N/A       97%         3
 Frozen Ramparts          Ice            0%         1d1       97%         3
 Hailstorm                Conj/Ice       0%         3d3       97%         3
 Ignite Poison            Fire/Tmut/Pois 0%         N/A       97%         3
 Sigil of Binding         Hex            0%         N/A       97%         3
 Stone Arrow              Conj/Erth      0%         3d7       97%         3
 Swiftness                Air            0%         N/A       97%         3
 Tukima's Dance           Hex            0%         N/A       97%         3
 Vampiric Draining        Necr           0%         2d6       97%         3
 Volatile Blastmotes      Fire/Tloc      0%         2d10      97%         3
 Airstrike                Air            0%         2d(0-16)  100%        4
 Anguish                  Hex/Necr       0%         N/A       100%        4
 Animate Armour           Summ/Erth      0%         N/A       100%        4
 Dimensional Bullseye     Hex/Tloc       0%         N/A       100%        4
 Leda's Liquefaction      Hex/Erth       0%         N/A       100%        4
 Petrify                  Tmut/Erth      0%         N/A       100%        4
 Summon Lightning Spire   Summ/Air       0%         N/A       100%        4
 Vhi's Electric Charge    Tloc/Air       0%         N/A       100%        4
 Agony                    Necr           0%         N/A       100%        5
 Arcjolt                  Conj/Air       0%         1d10      100%        5
 Freezing Cloud           Conj/Ice/Air   0%         6-21      100%        5
 Lee's Rapid Deconstruct  Erth           0%         3d4*      100%        5
 Metabolic Englaciation   Hex/Ice        0%         N/A       100%        5
 Summon Forest            Summ/Tloc      0%         N/A       100%        5
 Summon Mana Viper        Hex/Summ       0%         N/A       100%        5
 Yara's Violent Unravell  Hex/Tmut       0%         3d3       100%        5
 Death Channel            Necr           0%         N/A       100%        6
 Plasma Beam              Fire/Air       0%         2x1d10    100%        6
 Summon Cactus Giant      Summ           0%         N/A       100%        6
 Enfeeble                 Hex            0%         N/A       100%        7
 Malign Gateway           Summ/Tloc      0%         N/A       100%        7
 Orb of Destruction       Conj           0%         9d5       100%        7
 Ozocubu's Refrigeration  Ice            0%         4d7       100%        7
 Summon Hydra             Summ           0%         N/A       100%        7
 Ignition                 Fire           0%         3d3       100%        8
 Lehudib's Crystal Spear  Conj/Erth      0%         10d2      100%        8
 Summon Horrible Things   Summ           0%         N/A       100%        8
 Polar Vortex             Ice            0%         N/A       100%        9
 Simulacrum               Ice/Necr       Unusable   N/A       N/A         6

Dungeon Overview and Level Annotations

Branches:
Dungeon (15/15)            Temple (0/1) D:7            Lair (5/5) D:9
  Swamp (4/4) Lair:3       Spider (4/4) Lair:3        Slime (0/5) Lair:5
    Orc (2/2) D:11            Elf (3/3) Orc:2        Vaults (5/5) D:13
  Crypt (0/3) Vaults:2     Depths (4/4) D:15            Zot (5/5) Depths:4
  Sewer (visited)          Bailey (visited)

Altars:
Cheibriados
Fedhas
Gozag
Hepliaklqana
Kikubaaqudgha
Nemelex Xobeh
Okawaru
Ru
Sif Muna
Uskayaw
Wu Jian
Xom
Yredelemnul
Zin
The Shining One

Shops:
D:5 (   D:12 =   D:14 [   Orc:2 [**!   Elf:2 [=   Lair:5 *=   Spider:3 =
Vaults:1 [   Vaults:3 [   Depths:1 [:*   Depths:4 !==!

Portals:
Hell: Depths:1 Depths:2 Depths:3 Depths:4
Abyss: Depths:3
Pandemonium: Depths:2
Trove: Depths:2 (give +3 ice dragon scales)

Annotations:
Depths:2 exclusion: 2 orange crystal statues


Innate Abilities, Weirdness & Mutations

You have a pair of horns on your head.
You reflexively headbutt those who attack you in melee.
Potions are less effective at restoring your health.
You occasionally lose the ability to read scrolls when taking damage.


Message History

The cacodemon is severely wounded.
The cacodemon hits you but does no damage.
You block the cacodemon's attack.
You slice the cacodemon!! You headbutt the cacodemon!
You kill the cacodemon!
The sixfirhy is distracted by your dazzling golden aura.
You catch the helpless sixfirhy completely off-guard!
You slice the sixfirhy!!
The sixfirhy is no longer distracted by gold.
Your headbutt misses the sixfirhy.
The sixfirhy is heavily wounded.
You miss the sixfirhy.
The sixfirhy is heavily wounded.
You block the sixfirhy's attack.
You miss the sixfirhy.
The sixfirhy is heavily wounded.
You block the sixfirhy's attack. The sixfirhy completely misses you.
You block the sixfirhy's attack. The sixfirhy misses you.
You furiously retaliate!
You headbutt the sixfirhy! You chop the sixfirhy into pieces!!!
You kill the sixfirhy!
No target in view!
No target in view!
HP restored.
Key pressed, stopping travel.
Unknown command.
Aiming: Dig
Press: ? - help, Q - select action, (/) - cycle Shift-Dir - straight line You can't see that place. [the floor.]
The rock shatters into small pieces.
Blink to where?
Press: ? - help, Q - select action, (/) - cycle Dir - move target
As you read the scroll of blinking, it crumbles to dust.
Blink to where?
Press: ? - help, Q - select action, (/) - cycle Dir - move target
As you read the scroll of blinking, it crumbles to dust.
There is an open door here.
There is a staircase leading out of the dungeon here.
You have escaped!

........## #######.#.#.#.# #
........# #.....#.#.#.#.# #
........# ##.8.8.#.#.#.#.# #
........# ##...8..#.....#.# #
........# ##...8.8.#.....#.# #
........###........#.#.#.#.#
...>.....#.⌠.⌠.###.#.#.#.#.######
.........#.....#.'.#.#.#.........
######.#.'..8..#@#.#.#.#.........
#.#.#.....#.+.#.#.#.........
#.#.#.⌠.⌠.###.#.#.#.........
######.#.##........#.#.#.........
.......#..##...8.8.#.#.#.........
########..###...8..#.#.#.........
..........####.8.8.#.#.#.........
..#####.#.##.#.....#.#.#.........
..# #......#######.#.#.#+######


There were no monsters in sight!

Vanquished Creatures
  2 dread liches
  2 orbs of fire
  A juggernaut (Depths:3)
  Sojobo (Vaults:3)
  Josephina (Depths:2)
  6 Killer Klowns (Zot:5)
  A pandemonium lord (Zig:3)
  2 shard shrikes (Depths:2)
  Margery (Depths:3)
  Bai Suzhen (Depths:2)
  2 curse toes (Zot:5)
  5 golden dragons
  A bone dragon (Abyss:2)
  2 electric golems (Zot:5)
  Rupert (Orc:2)
  An Ice Fiend (Zig:3)
  Mlioglotl (Swamp:3)
  16 Orb Guardians
  2 walking crystal tomes (Depths:3)
  A walking earthen tome (Depths:3)
  5 tentacled monstrosities
  A Hell Sentinel (D:5)
  11 titans
  4 deep elf master archers (Elf:3)
  A walking frostbound tome (Depths:3)
  3 quicksilver dragons
  A lich (Depths:3)
  4 sphinxes
  Gastronok (Lair:2)
  An Executioner (Abyss:2)
  An ancient champion (Vaults:2)
  8 shadow dragons
  A deep elf blademaster (Elf:2)
  6 death cobs
  A tentacled starspawn (Abyss:2)
  2 azure jellies (Swamp:4)
  Kirke (Spider:1)
  13 tengu reavers
  8 storm dragons
  A draconian monk (Zot:5)
  14 frost giants
  23 vault wardens
  2 iron dragons (Vaults:5)
  9 deep elf sorcerers
  16 fire giants
  7 emperor scorpions
  5 deep elf elementalists (Elf:3)
  5 ghouls
  5 draconian stormcallers
  2 draconian scorchers
  3 orc warlords
  3 ghost moths
  16 ironbound preservers
  10 broodmothers
  A draconian annihilator (Zot:5)
  2 formless jellyfish (Vaults:4)
  21 very ugly things
  A cacodemon (D:1)
  6 war gargoyles
  Nessos (Orc:2)
  5 ironbound thunderhulks
  6 stone giants
  2 vampire knights
  8 eleionomae
  6 deep elf demonologists
  2 black draconians (Zot:5)
  2 purple draconians
  10 deep elf annihilators
  Azrael (Orc:2)
  A red draconian (Zot:5)
  6 green draconians
  2 bunyips
  8 spark wasps
  3 yellow draconians
  Snorg (D:14)
  3 blizzard demons
  11 ettins
  13 dire elephants
  9 entropy weavers
  5 deep elf death magi
  A green death (Depths:4)
  14 yaktaur captains
  2 shambling mangroves
  5 fire dragons
  Fannar (Lair:1)
  4 deep elf high priests
  2 jiangshi (Depths:1)
  29 vault guards
  Erolcha (D:10)
  8 great orbs of eyes
  11 hydras
  A peacekeeper (Vaults:3)
  7 rakshasas
  13 ice dragons
  A juggernaut simulacrum (Depths:2)
  6 ironbound frosthearts
  Harold (D:10)
  A ghost crab (Swamp:2)
  4 jorogumos
  A hell beast (Depths:3)
  4 ogre magi
  8 spriggan air magi
  5 radroaches
  An anaconda (Swamp:3)
  11 alligators
  A salamander tyrant (Depths:4)
  2 catoblepae
  23 dancing weapons
  15 centaur warriors
  5 boulder beetles
  Erica (D:9)
  A thrashing horror (Abyss:2)
  23 two-headed ogres
  7 deep troll earth magi
  6 tengu warriors
  9 deep troll shamans
  2 vampire magi
  A naga warrior (Zig:1)
  8 death yaks
  10 demonic crawlers
  Urug (D:10)
  A shock serpent (Zig:1)
  17 hell knights
  An occultist (Elf:3)
  3 spriggan berserkers (Depths:3)
  2 sun demons
  Nergalle (Lair:1)
  Amaemon (D:8)
  7 skeletal warriors
  10 deep elf knights
  7 pharaoh ants
  A skyshark (Lair:4)
  2 salamander mystics (Depths:1)
  6 iron trolls
  3 goliath frogs
  2 sixfirhies
  3 swamp dragons
  48 deep trolls
  3 sun moths
  13 orb spiders
  3 spriggan druids
  A shadow demon (Depths:2)
  2 flayed ghosts
  17 ironbound convokers
  A glowing orange brain (Depths:2)
  A spriggan simulacrum (Depths:2)
  6 arcanists
  4 bog bodies
  9 deep elf archers
  3 necromancers
  4 lindwurms
  Pikel (D:5)
  2 steelbarb worms
  A steelbarb worm (shapeshifter) (Vaults:5)
  5 harpies (Vaults:1)
  7 phantasmal warriors (Vaults:5)
  26 deep elf zephyrmancers
  8 orc knights
  48 ugly things
  22 deep elf pyromancers
  15 cyclopes
  2 tengu skeletons (Vaults:2)
  3 will-o-the-wisps (Swamp:2)
  10 salamanders
  13 moths of wrath
  18 wolf spiders
  9 manticores
  16 elephants
  7 large abominations
  Joseph (D:9)
  19 vault sentinels
  A rust devil (D:15)
  A kobold blastminer (Orc:1)
  A stone giant skeleton (Vaults:2)
  6 black mambas
  6 torpor snails
  8 cane toads
  A smoke demon (Abyss:2)
  An unseen horror (D:12)
  An orange demon (D:8)
  A storm dragon simulacrum (Depths:2)
  4 rime drakes
  Psyche (D:9)
  7 freezing wraiths
  12 komodo dragons
  36 yaktaurs
  2 ice devils
  A kobold demonologist (D:12)
  2 golden dragon simulacra (Depths:2)
  6 tengu conjurers
  15 trolls
  A yaktaur skeleton (Vaults:2)
  An ancient zyme (Abyss:2)
  9 tyrant leeches
  18 hornets
  A troll (shapeshifter) (Vaults:5)
  24 blink frogs
  3 polar bears (Lair:5)
  13 meliai
  28 tarantellas
  2 glass eyes
  A dream sheep (Lair:5)
  38 slime creatures
  Sigmund (D:6)
  An air elemental (Elf:1)
  37 jumping spiders
  A shadow (D:12)
  A centaur simulacrum (D:13)
  24 culicivoras
  2 flying skulls (Abyss:2)
  8 wyverns
  23 spriggans
  2 ynoxinuls (Abyss:2)
  2 spriggans (shapeshifter)
  3 basilisks
  5 water elementals
  4 wraiths
  29 yaks
  A chaos spawn (Abyss:2)
  An elf skeleton (Vaults:2)
  5 hogs (Spider:1)
  4 swamp worm simulacra (Swamp:4)
  6 fire elementals
  A steam dragon (Lair:3)
  Grum (D:9)
  6 vampire mosquitoes (Swamp:1)
  2 wargs (Orc:2)
  38 redbacks
  3 neqoxecs (Abyss:2)
  Menkaure (D:6)
  16 swamp worms
  16 hydra simulacra (Swamp:4)
  A glowing shapeshifter skeleton (Vaults:2)
  4 hell hounds (Orc:2)
  6 human skeletons (Vaults:2)
  15 water moccasins
  2 sky beasts (D:7)
  2 swamp drakes
  15 orc warriors
  3 black bears (Lair:5)
  3 ice beasts
  5 centaurs
  2 ettin simulacra (Depths:2)
  24 wolves
  8 boggarts
  32 ogres
  2 phantoms (D:4)
  2 kobold brigands
  11 bullfrogs
  5 scorpions
  3 necrophages
  A gnoll sergeant (D:12)
  9 small abominations
  2 glowing shapeshifter simulacra (Depths:2)
  2 earth elementals
  9 wights
  18 killer bees
  4 howler monkeys
  2 electric eels (Lair:3)
  A jelly (D:4)
  11 orc priests
  2 gnoll boudas
  2 hounds
  An iron imp (Abyss:2)
  A jelly (shapeshifter) (Vaults:5)
  4 sleepcaps
  3 iguanas
  11 orc wizards
  15 gnolls
  12 adders
  3 river rats (Sewer)
  A shadow imp (D:6)
  2 white imps
  4 swamp drake simulacra (Swamp:4)
  4 worms
  A dart slug (D:3)
  43 orcs
  9 bats
  8 endoplasms
  8 giant cockroaches
  13 goblins
  A goblin (shapeshifter) (Vaults:5)
  6 hobgoblins
  2 jackals (Sewer)
  8 quokkas
  9 ball pythons
  2 frilled lizards
  A frilled lizard (shapeshifter) (Depths:4)
  23 kobolds
  3 rats
  2 starspawn tentacles (Abyss:2)
1956 creatures vanquished.

Vanquished Creatures (collateral kills)
  A Killer Klown (Zot:5)
  An electric golem (Zot:5)
  7 Orb Guardians (Zot:5)
  A shadow dragon (Zot:5)
  A draconian shifter (Zot:5)
  A green draconian (Zot:5)
  A black draconian (Zot:5)
  2 yellow draconians (Zot:5)
  3 white draconians (Zot:5)
  An ironbound convoker (Vaults:5)
19 creatures vanquished.

Vanquished Creatures (others)
  A dread lich (Zot:5)
  An ancient lich (Zot:5)
  2 orbs of fire (Zot:5)
  3 Killer Klowns (Zot:5)
  A curse toe (Zot:5)
  2 tentacled monstrosities
  4 Orb Guardians (Zot:5)
  A lich (Vaults:5)
  A tengu reaver (Vaults:5)
  A draconian monk (Zot:5)
  A frost giant (Depths:4)
  A vault warden (Vaults:5)
  2 ghost moths
  A draconian annihilator (Zot:5)
  A stone giant (Vaults:5)
  A green draconian (Zot:5)
  A black draconian (Zot:5)
  A deep elf demonologist (Vaults:5)
  A yellow draconian (Zot:5)
  A deep elf death mage (Vaults:5)
  A yaktaur captain (Vaults:5)
  4 vault guards
  A spriggan simulacrum (Depths:2)
  A deep elf zephyrmancer (Elf:2)
  A moth of wrath (Zot:5)
  2 yaktaurs (Vaults:5)
  A bloated husk (Swamp:1)
  A swamp worm (Swamp:4)
  8 foxfires (Swamp:2)
48 creatures vanquished.

Grand Total: 2023 creatures vanquished

Notes
Turn   | Place    | Note
-------+----------+-------------------------------------------
     0 | D:1      | Kearsarge the Minotaur Fighter began the quest for the Orb.
     0 | D:1      | Reached XP level 1. HP: 19/19 MP: 0/0
   313 | D:1      | Reached XP level 2. HP: 27/27 MP: 1/1
   712 | D:1      | Reached skill level 4 in Fighting
  1194 | D:2      | Reached XP level 3. HP: 33/33 MP: 2/2
  2032 | D:3      | Reached XP level 4. HP: 41/41 MP: 3/3
  2312 | D:4      | Noticed a phantom
  2317 | D:4      | Reached skill level 5 in Axes
  2324 | D:4      | Killed a phantom
  2325 | D:4      | Reached skill level 5 in Fighting
  2325 | D:4      | Reached XP level 5. HP: 48/48 MP: 4/4
  2380 | D:4      | Noticed a phantom
  2386 | D:4      | Reached XP level 6. HP: 43/56 MP: 5/5
  2585 | D:4      | Reached skill level 6 in Fighting
  2631 | D:4      | Found an opulent altar of Gozag.
  2640 | D:4      | Became a worshipper of Gozag Ym Sagoz the Greedy
  2807 | D:4      | Found a blossoming altar of Fedhas.
  2868 | D:5      | Entered Level 5 of the Dungeon
  2870 | D:5      | Noticed an ice beast
  2882 | D:5      | Killed an ice beast
  2883 | D:5      | Reached XP level 7. HP: 48/63 MP: 6/6
  3325 | D:5      | Found a glowing drain.
  3329 | Sewer    | Entered a sewer
  3931 | D:5      | Reached skill level 7 in Fighting
  3971 | D:5      | Found an ancient bone altar of Kikubaaqudgha.
  3971 | D:5      | Found a sparkling altar of Nemelex Xobeh.
  3973 | D:5      | Found a shimmering blue altar of Sif Muna.
  3973 | D:5      | Found a glowing silver altar of Zin.
  4079 | D:5      | Found Exuokheumi's Weapon Emporium.
  4327 | D:6      | Reached XP level 8. HP: 73/73 MP: 7/7
  4589 | D:6      | Noticed Pikel
  4607 | D:5      | Killed Pikel
  4608 | D:5      | Reached skill level 8 in Fighting
  4608 | D:5      | Reached skill level 10 in Axes
  4691 | D:6      | Noticed a torpor snail
  4693 | D:6      | Found a snail-covered altar of Cheibriados.
  4693 | D:6      | Noticed a torpor snail
  4693 | D:6      | Noticed a torpor snail
  4694 | D:6      | Noticed Menkaure
  4699 | D:6      | Killed Menkaure
  4907 | D:6      | Noticed Sigmund
  4912 | D:6      | Killed Sigmund
  5005 | D:5      | Bought the +5 war axe "Malusoca" {freeze, rCorr} for 658
                  | gold pieces
  5040 | D:7      | Reached skill level 9 in Fighting
  5040 | D:7      | Reached XP level 9. HP: 83/83 MP: 8/8
  5234 | D:7      | Found a flagged portal.
  5247 | Bailey   | Entered a bailey
  5271 | Bailey   | Noticed an orc warlord
  5388 | Bailey   | Found a runed translucent gate.
  5391 | Bailey   | Found a runed translucent gate.
  5398 | Bailey   | Found a runed translucent gate.
  5675 | Bailey   | Killed an orc warlord
  5676 | Bailey   | Reached skill level 10 in Fighting
  5846 | Bailey   | Identified the staff of Callousness {rElec Stlth+ Conj}
  5855 | Bailey   | Identified the +7 war axe of Inconvenience {heavy, rF+++
                  | rC++ Will- SInv}
  6007 | D:7      | Found a staircase to the Ecumenical Temple.
  6873 | D:8      | Noticed Amaemon
  6887 | D:8      | Noticed an orange demon
  6889 | D:8      | Killed Amaemon
  6890 | D:8      | Reached XP level 10. HP: 50/94 MP: 9/9
  7093 | D:8      | Killed an orange demon
  7094 | D:8      | Reached skill level 11 in Fighting
  7166 | D:8      | Found a hide-covered altar of Uskayaw.
  7365 | D:8      | Reached skill level 15 in Axes
  8047 | D:9      | Noticed Joseph
  8060 | D:9      | Killed Joseph
  8198 | D:9      | Noticed Grum
  8202 | D:9      | Noticed Erica
  8309 | D:9      | Noticed a two-headed ogre
  8379 | D:9      | Noticed Psyche
  8400 | D:9      | Killed Psyche
  8401 | D:9      | Reached skill level 12 in Fighting
  8402 | D:9      | Killed Grum
  8413 | D:9      | Killed a two-headed ogre
  8582 | D:9      | Killed Erica
  8583 | D:9      | Reached XP level 11. HP: 45/105 MP: 10/10
  8826 | D:9      | Found an ornate altar of the Wu Jian Council.
  8922 | D:9      | Found a staircase to the Lair.
  9134 | D:10     | Entered Level 10 of the Dungeon
  9247 | D:10     | Noticed Urug
  9255 | D:10     | Killed Urug
  9435 | D:10     | Noticed Erolcha
  9447 | D:10     | Killed Erolcha
  9448 | D:10     | Reached skill level 13 in Fighting
  9664 | D:10     | Acquired a manual of Fighting
  9692 | D:10     | Noticed Harold
  9694 | D:10     | Paralysed by a hornet for 1 turns
  9699 | D:10     | Killed Harold
  9946 | D:10     | Found a shimmering altar of Xom.
 10312 | D:11     | Noticed a purple ugly thing
 10320 | D:11     | Killed a purple ugly thing
 10465 | D:11     | Noticed a boulder beetle
 10481 | D:11     | Killed a boulder beetle
 10482 | D:11     | Reached skill level 14 in Fighting
 10578 | D:11     | Found a staircase to the Orcish Mines.
 11051 | D:12     | Reached XP level 12. HP: 83/118 MP: 11/11
 11052 | D:12     | Reached skill level 15 in Fighting
 11909 | Orc:1    | Entered Level 1 of the Orcish Mines
 12197 | Orc:2    | Entered Level 2 of the Orcish Mines
 12202 | Orc:2    | Noticed Nessos
 12210 | Orc:2    | Killed Nessos
 12426 | Orc:2    | Reached skill level 16 in Fighting
 12443 | Orc:2    | Noticed Rupert
 12444 | Orc:2    | Paralysed by Rupert for 2 turns
 13023 | Orc:2    | Noticed an ogre mage
 13027 | Orc:2    | Noticed a two-headed ogre
 13027 | Orc:2    | Noticed a two-headed ogre
 13027 | Orc:2    | Noticed a two-headed ogre
 13029 | Orc:2    | Noticed an ogre mage
 13030 | Orc:2    | Noticed a two-headed ogre
 13033 | Orc:2    | Killed a two-headed ogre
 13033 | Orc:2    | Killed a two-headed ogre
 13033 | Orc:2    | Killed an ogre mage
 13034 | Orc:2    | Reached skill level 17 in Fighting
 13034 | Orc:2    | Noticed a two-headed ogre
 13034 | Orc:2    | Killed an ogre mage
 13035 | Orc:2    | Killed a two-headed ogre
 13040 | Orc:2    | Killed a two-headed ogre
 13041 | Orc:2    | Noticed a two-headed ogre
 13047 | Orc:2    | Killed a two-headed ogre
 13047 | Orc:2    | Noticed a two-headed ogre
 13049 | Orc:2    | Noticed a two-headed ogre
 13052 | Orc:2    | Killed a two-headed ogre
 13052 | Orc:2    | Killed a two-headed ogre
 13053 | Orc:2    | Reached skill level 18 in Fighting
 13053 | Orc:2    | Reached XP level 13. HP: 85/134 MP: 12/12
 13224 | Orc:2    | Found Pyxked's Distillery.
 13238 | Orc:2    | Found Ygucu's General Store.
 13305 | Orc:2    | Found Fekiu's General Store.
 13324 | Orc:2    | Found Avt Notz's Armour Shoppe.
 13346 | Orc:2    | Bought a potion of cancellation for 96 gold pieces
 13346 | Orc:2    | Bought a potion of haste for 120 gold pieces
 13346 | Orc:2    | Bought a potion of heal wounds for 60 gold pieces
 13346 | Orc:2    | Bought a potion of curing for 36 gold pieces
 13346 | Orc:2    | Bought a potion of curing for 36 gold pieces
 13363 | Orc:2    | Killed Rupert
 13420 | Orc:2    | Bought a scroll of acquirement for 676 gold pieces
 13420 | Orc:2    | Bought a potion of curing for 39 gold pieces
 13420 | Orc:2    | Bought 3 scrolls of poison for 156 gold pieces
 13426 | Orc:2    | Found a staircase to the Elven Halls.
 13432 | Orc:2    | Bought a +2 pair of boots of rampaging for 344 gold pieces
 13480 | Orc:2    | Bought 2 potions of curing for 84 gold pieces
 13480 | Orc:2    | Bought a potion of curing for 42 gold pieces
 13480 | Orc:2    | Bought a scroll of teleportation for 42 gold pieces
 13480 | Orc:2    | Bought a potion of invisibility for 112 gold pieces
 13497 | Orc:2    | Bought a ring of poison resistance for 280 gold pieces
 13657 | Orc:2    | Noticed Azrael
 13672 | Orc:2    | Killed Azrael
 14155 | Lair:1   | Entered Level 1 of the Lair of Beasts
 14155 | Lair:1   | Found a hide-covered altar of Uskayaw.
 14160 | Lair:1   | Reached skill level 19 in Fighting
 14248 | Lair:1   | Noticed Fannar
 14261 | Lair:1   | Killed Fannar
 14587 | Lair:1   | Acquired the ring of Ysetacua {rElec rF- rC+ Str+6 Dex+8}
 14881 | Lair:1   | Noticed Nergalle
 14886 | Lair:1   | Killed Nergalle
 15054 | Lair:1   | Identified the ring of Diclimn {Fire Will+ Int-5 Dex+2
                  | Stlth+}
 15544 | Lair:2   | Reached skill level 5 in Armour
 15544 | Lair:2   | Reached skill level 5 in Shields
 15558 | Lair:2   | Noticed Gastronok
 15578 | Lair:2   | Killed Gastronok
 16477 | Lair:3   | Reached XP level 14. HP: 146/146 MP: 13/13
 16913 | Lair:3   | Found a hole to the Spider Nest.
 17349 | Lair:3   | Found a staircase to the Swamp.
 18287 | Lair:5   | Entered Level 5 of the Lair of Beasts
 18308 | Lair:5   | Reached skill level 10 in Armour
 18308 | Lair:5   | Reached skill level 10 in Shields
 18965 | Lair:5   | Reached XP level 15. HP: 152/152 MP: 14/14
 19311 | Lair:5   | Found a staircase to the Slime Pits.
 19497 | Lair:5   | Bought an amulet of regeneration for 360 gold pieces
 19510 | Lair:5   | Bought a murky dark potion for 31 gold pieces
 19838 | D:13     | Found a gate to the Vaults.
 19882 | D:13     | Noticed a frost giant
 19892 | D:13     | Killed a frost giant
 19962 | D:13     | Identified the +4 scale mail "Moxe" {rN+ Int+4}
 19989 | D:13     | Got Sif Muna's Almanac of Generative Curses
 20236 | D:13     | Found a glowing silver altar of Zin.
 20511 | D:14     | Noticed Snorg
 20516 | D:14     | Killed Snorg
 20630 | D:14     | Found an iron altar of Okawaru.
 20978 | D:14     | Identified the +1 robe of the Lychee {+Blink +Inv Archmagi}
 20979 | D:14     | Identified the +3 orcbow "Myumn" {drain, rN+ Dex+4}
 21205 | D:15     | Entered Level 15 of the Dungeon
 21261 | D:15     | Reached skill level 15 in Armour
 21261 | D:15     | Reached skill level 15 in Shields
 21515 | D:15     | Found a sacrificial altar of Ru.
 21564 | D:15     | Reached XP level 16. HP: 158/161 MP: 15/15
 22055 | D:15     | Found a staircase to the Depths.
 22427 | Spider:1 | Entered Level 1 of the Spider Nest
 22929 | Spider:1 | Noticed Kirke
 22935 | Spider:1 | Killed Kirke
 23663 | Spider:2 | Got Sif Muna's Precepts of the Serac and Stolen Souls
 23996 | Spider:2 | Reached skill level 20 in Fighting
 24433 | Spider:2 | Reached XP level 17. HP: 165/171 MP: 16/16
 24626 | Spider:3 | Reached skill level 21 in Fighting
 24754 | Spider:3 | Identified the +5 rapier "Haun" {heavy, rF+++ Dex+4 Stlth-}
 25350 | Spider:4 | Entered Level 4 of the Spider Nest
 25441 | Spider:4 | Reached skill level 22 in Fighting
 25966 | Spider:4 | Reached skill level 23 in Fighting
 26362 | Spider:4 | Got a gossamer rune of Zot
 26620 | Swamp:1  | Entered Level 1 of the Swamp
 27346 | Swamp:2  | Reached skill level 24 in Fighting
 27385 | Swamp:2  | Reached XP level 18. HP: 166/190 MP: 17/17
 27712 | Swamp:2  | Identified the +6 chain mail of Spring {-Tele rN+ Will+
                  | Regen+}
 27744 | Swamp:2  | Identified the ring "Vainnuaq" {Ice +Blink rCorr Dex-4
                  | SInv}
 28559 | Swamp:3  | Reached skill level 25 in Fighting
 28703 | Swamp:4  | Entered Level 4 of the Swamp
 28703 | Swamp:4  | Noticed Mlioglotl
 28706 | Swamp:4  | Noticed a lich
 28714 | Swamp:3  | Killed Mlioglotl
 29126 | Swamp:4  | Identified the amulet "Mebianul" {RegenMP rC+ Str+3 Dex+3}
 29303 | Swamp:4  | Reached skill level 26 in Fighting
 29353 | Swamp:4  | Got a decaying rune of Zot
 29648 | Vaults:1 | Entered Level 1 of the Vaults
 29651 | Vaults:1 | Bought the +0 mask of the Dragon {Will+ Slay+3 SInv} for
                  | 1235 gold pieces
 29651 | Vaults:1 | Found the +0 mask of the Dragon {Will+ Slay+3 SInv}
 29651 | Vaults:1 | Bought a pair of ichor-stained boots for 351 gold pieces
 29651 | Vaults:1 | Identified the +2 pair of boots of Xowimp {rN++ Str+3 Int+4
                  | Dex+4} (You bought it in a shop on level 1 of the Vaults)
 29783 | Vaults:1 | Identified the +10 lajatang "Soul" {protect, rF+ rN++
                  | Dex+2}
 30179 | Vaults:1 | Reached skill level 27 in Fighting
 30327 | Vaults:1 | Reached XP level 19. HP: 187/207 MP: 18/18
 31469 | Vaults:2 | Found a staircase to the Crypt.
 32325 | Vaults:3 | Found Wobem's Antique Armour Shoppe.
 32328 | Vaults:3 | Bought a runed cloak for 307 gold pieces
 32726 | Vaults:3 | Noticed Sojobo
 33159 | Vaults:3 | Killed Sojobo
 33160 | Vaults:3 | Reached XP level 20. HP: 182/216 MP: 19/19
 33599 | Vaults:4 | Identified the +5 mace of Upheaval {flame, rF++ rC+}
 34851 | Vaults:4 | Identified the +4 scale mail of Powerful Birdsong {Str+3}
 34960 | Vaults:5 | Entered Level 5 of the Vaults
 35273 | Vaults:5 | Noticed a dread lich
 35361 | Vaults:4 | Paralysed by a dread lich for 5 turns
 35366 | Vaults:4 | Killed a dread lich
 35471 | Vaults:4 | Reached XP level 21. HP: 191/224 MP: 20/20
 35503 | Vaults:5 | Reached skill level 1 in Dodging
 35722 | Vaults:5 | Reached skill level 5 in Dodging
 35722 | Vaults:5 | Identified the staff "Ohuecy" {rPois rF++ Int-2 SInv
                  | Poison}
 35795 | Vaults:5 | Identified the +10 hand axe of Due Proportion {distort,
                  | Fragile rF+ rC+++ Dex+3}
 36147 | Vaults:5 | Identified the ring "Achemm" {rF+ rC- Str+6 Dex+6}
 36163 | Vaults:5 | Reached skill level 10 in Dodging
 36371 | Vaults:5 | Identified the +6 glaive of Guas Leck {freeze, rElec rPois
                  | Will+++ Str-4}
 36372 | Vaults:5 | Identified the staff of Purpose {rF+ Will+ Int+2 SInv Fire}
 36442 | Vaults:5 | Got the Excursus on the Translocated Arsonist
 36450 | Vaults:5 | Got the Treatise on Bad Luck
 36543 | Vaults:5 | Identified the staff "Fucosunt" {rF+ Str+4 Fire}
 36652 | Vaults:5 | Noticed a golden dragon
 36661 | Vaults:5 | Killed a golden dragon
 36697 | Vaults:5 | Paralysed by an ogre mage for 2 turns
 36977 | Vaults:5 | Got a silver rune of Zot
 37131 | Vaults:5 | Identified the ring of Vediuhit {Fire Drain rElec rN+}
 37132 | Vaults:5 | Identified the ring "Wilorr" {rF+ rCorr Str+2}
 37224 | Vaults:5 | Got the Essays on Vexing Anemomancy
 37250 | Vaults:5 | Identified the staff "Dosum" {rF+ Str+6 Int-5 Dex+3 Earth}
 37563 | Elf:1    | Entered Level 1 of the Elven Halls
 37748 | Elf:1    | Got the Commentary on Cooperative Concussion
 38182 | Elf:1    | Paralysed by an air elemental for 1 turns
 38404 | Elf:2    | Found Ciphol's Antique Armour Shop.
 38446 | Abyss:2  | Found a corrupted altar of Lugonu.
 38446 | Abyss:2  | Cast into level 2 of the Abyss (+3 war axe of distortion)
 38764 | Elf:2    | Escaped the Abyss
 38767 | Elf:2    | Reached XP level 22. HP: 213/233 MP: 11/21
 38929 | Elf:2    | Found a runed translucent gate.
 38929 | Elf:2    | Found a runed translucent gate.
 38930 | Elf:2    | Found a runed translucent gate.
 38979 | Elf:2    | Reached skill level 15 in Dodging
 39326 | Elf:2    | Found Qaapyedo's Jewellery Boutique.
 39529 | Elf:3    | Entered Level 3 of the Elven Halls
 39655 | Elf:3    | Found the +7 great mace "Firestarter" {flame, immolate,
                  | rFlCloud rF++}
 39665 | Elf:3    | Identified the granite talisman of New Discoveries {Int+6}
 40265 | Elf:3    | Identified the +6 short sword of Bejeh {freeze, rF+ Will+}
 40310 | Elf:3    | Identified the +1 robe of Jecw {rPois rN+}
 40349 | Elf:3    | Identified the +9 chain mail "Yvvas" {Rampage rF- Str+2
                  | Slay+5}
 40373 | Elf:3    | Identified the +7 short sword of Zuetugav {freeze, *Noise
                  | rPois rF+ rC+}
 40452 | Elf:3    | Identified the ring of Wouskaah {rElec Will+ rCorr Int+3}
 40461 | Elf:3    | Got Baummy's Parchment of Resurrection
 40470 | Elf:3    | Identified the +1 crystal plate armour "Pashyiq" {Str+2}
 40476 | Elf:3    | Found the +6 lightning scales {swift, rElec}
 40779 | Depths:1 | Entered Level 1 of the Depths
 40779 | Depths:1 | Found a basalt altar of Yredelemnul.
 40975 | Depths:1 | Found Lese's Jewellery Shop.
 41089 | Depths:1 | Found Ukhamaq's Assorted Antiques.
 41300 | Depths:1 | Found Reiluf's Armour Boutique.
 41311 | Depths:1 | Found a gateway to Hell.
 41360 | Depths:1 | You fall into a shaft and drop 1 floor!
 41500 | Depths:2 | Reached XP level 23. HP: 224/240 MP: 22/22
 41509 | Depths:2 | Found a one-way gate leading to the halls of Pandemonium.
 41582 | Depths:2 | Found a portal to a secret trove of treasure.
 41582 | Depths:2 | Identified the ring of Peoweno {Ice *Corrode rN+ Str+5}
 41582 | Depths:2 | Noticed Josephina
 41590 | Depths:2 | Killed Josephina
 41665 | Depths:2 | Found a one-way gateway to a ziggurat.
 41716 | Zig:1    | Entered Level 1 of a ziggurat
 41735 | Zig:2    | Entered Level 2 of a ziggurat
 41773 | Zig:3    | Entered Level 3 of a ziggurat
 41776 | Zig:3    | Noticed Teugil the pandemonium lord
 41782 | Zig:3    | Killed Teugil the pandemonium lord
 42050 | Depths:2 | Noticed a shard shrike
 42052 | Depths:2 | Noticed a shard shrike
 42062 | Depths:2 | Killed a shard shrike
 42119 | Depths:2 | Killed a shard shrike
 42318 | Depths:2 | Noticed Bai Suzhen
 42328 | Depths:2 | Killed Bai Suzhen
 42669 | Depths:1 | Found Jefyxot's Book Emporium.
 42706 | Depths:3 | Noticed Margery
 42722 | Depths:3 | Killed Margery
 43081 | Depths:3 | Found a one-way gate to the infinite horrors of the Abyss.
 43536 | Depths:3 | Noticed a juggernaut
 43543 | Depths:3 | Killed a juggernaut
 43838 | Depths:3 | Found a glowing golden altar of the Shining One.
 43908 | Depths:4 | Entered Level 4 of the Depths
 43915 | Depths:4 | Found a gate to the Realm of Zot.
 44163 | Depths:4 | Bought a potion of lignification for 36 gold pieces
 44163 | Depths:4 | Bought 2 potions of lignification for 72 gold pieces
 44163 | Depths:4 | Bought a potion of cancellation for 96 gold pieces
 44242 | Depths:4 | Found Alin's Jewellery Boutique.
 44320 | Depths:4 | Found Ubaileva's Distillery.
 44331 | Depths:4 | Identified the +4 scimitar of Gamnaed {drain, Will+}
 44412 | Depths:4 | Reached XP level 24. HP: 132/249 MP: 22/22
 44484 | Depths:4 | Found a hazy altar of Hepliaklqana.
 45141 | Zot:1    | Entered Level 1 of the Realm of Zot
 45147 | Zot:1    | Identified the +1 helmet of the Evening Star {Str+2 Dex+4}
 45210 | Zot:1    | Noticed an orb of fire
 45220 | Zot:1    | Killed an orb of fire
 45631 | Zot:5    | Entered Level 5 of the Realm of Zot
 45862 | Zot:5    | Noticed an orb of fire
 46002 | Zot:5    | Noticed a Killer Klown
 46007 | Zot:5    | Noticed a Killer Klown
 46009 | Zot:5    | Noticed an orb of fire
 46015 | Zot:5    | Noticed a dread lich
 46017 | Zot:5    | Noticed an ancient lich
 46018 | Zot:5    | Noticed a Killer Klown
 46018 | Zot:5    | Noticed a Killer Klown
 46019 | Zot:5    | Noticed a Killer Klown
 46027 | Zot:5    | Killed a Killer Klown
 46061 | Zot:5    | Noticed an orb of fire
 46061 | Zot:5    | Noticed a Killer Klown
 46062 | Zot:5    | Killed a Killer Klown
 46062 | Zot:5    | Noticed a Killer Klown
 46063 | Zot:5    | Noticed a Killer Klown
 46065 | Zot:5    | Noticed a Killer Klown
 46066 | Zot:5    | Noticed a Killer Klown
 46071 | Zot:5    | Killed a Killer Klown
 46073 | Zot:5    | Killed an orb of fire
 46090 | Zot:5    | Killed a dread lich
 46204 | Zot:5    | Killed a Killer Klown
 46318 | Zot:5    | Noticed a dread lich
 46337 | Zot:5    | Gained mutation: Potions are less effective at restoring
                  | your health. [an orb of fire]
 46338 | Zot:5    | Killed an orb of fire
 46342 | Zot:5    | Killed a dread lich
 46348 | Zot:5    | Killed a Killer Klown
 46352 | Zot:5    | Killed a Killer Klown
 46371 | Zot:5    | Killed a Killer Klown
 46502 | Zot:5    | Killed a Killer Klown
 46615 | Zot:5    | Reached XP level 25. HP: 216/257 MP: 22/22
 46772 | Zot:5    | Got the Orb of Zot
 47277 | D:1      | Gained mutation: You occasionally lose the ability to read
                  | scrolls when taking damage. [a cacodemon]
 47321 | D:$      | Escaped with the Orb!

Illustrated notes

Levels and vault maps discovered:
D:1:      ncdulo_halloftheorcs, layout_basic
D:2:      kennysheep_big_flooded_room, layout_basic
D:3:      layout_basic, minmay_misc_feat_encased, dk_vineyard_3
D:4:      layout_rooms, mainiacjoe_overflow_alcove_2,
          nicolae_gozag_cash_rules_everything_around_me
D:5:      layout_rooms, mainiacjoe_overflow_alcove_3, gup_sewer_entry_spiral,
          serial_shops, shop, nicolae_concentric_dashed_squares_wild
D:6:      layout_gridville, cheibriados_altar_2, skrybe_limestone_x,
          uniq_menkaure, uniq_sigmund, uniq_pikel
D:7:      layout_loops_ring, minmay_temple_entry_large_hall, enter_bailey_3
D:8:      layout_basic, kennysheep_mini, uniq_amaemon
D:9:      layout_cave_pools, mainiacjoe_overflow_concentric_impassable,
          lair_entry_dummy, uniq_grum, uniq_psyche, uniq_erica, uniq_joseph
D:10:     layout_small_grid, lemuel_doored_altar, uniq_erolcha, uniq_urug,
          uniq_harold
D:11:     layout_basic, orc_0_dummy
D:12:     layout_irregular_city
D:13:     cheibrodos_monumental, layout_cave_pools, david_vaults_5, minivault_4,
          minmay_ruined_shrine
D:14:     layout_rooms, okawaru_gym_becter, eino_jars, uniq_snorg
D:15:     grunt_enter_depths_hoard, layout_loops_corners,
          nicolae_ru_the_path_less_chosen
Lair:1:   layout_cave_pods, basic_altar, grunt_megastairs_5, uniq_fannar,
          uniq_nergalle
Lair:2:   layout_regular_city, serial_bayou_shore_b, grunt_megastairs_2,
          uniq_gastronok
Lair:3:   layout_loops_ring, alex1729_swamp_entry_worm_eleionoma,
          nicolae_spider_entry_non_spiders, infiniplex_staircase_pool_2,
          lemuel_fruit_fields, serial_bayou_shore_a
Lair:4:   layout_cave_pods
Lair:5:   minmay_lair_end_enchanted_forest, layout_regular_city,
          dpeg_slime_entry_enclosed, chequers_serial_rivers_marsh
Swamp:1:  layout_basic_swamp, hangedman_swamp_ruin_wall
Swamp:2:  layout_basic_swamp, hangedman_swamp_ruin_hall
Swamp:3:  layout_basic_swamp, nicolae_swamp_round_clearing, swamp_pool_3,
          nicolae_swamp_snake_nest, nicolae_swamp_tree_isthmus
Swamp:4:  swamp_icy, layout_basic_swamp, uniq_mlioglotl
Spider:1: layout_spider_delve, drop_trap, hangedman_spider_tarantella_strand,
          uniq_kirke
Spider:2: nicolae_spider_hilbert_zone_7 [nicolae_spider_hilbert_4_sides_1_open,
          nicolae_spider_hilbert_4_sides_1_open,
          nicolae_spider_hilbert_4_sides_1_open,
          nicolae_spider_hilbert_4_sides_1_open,
          nicolae_spider_hilbert_3_sides_1_open,
          nicolae_spider_hilbert_3_sides_1_open,
          nicolae_spider_hilbert_3_sides_1_open,
          nicolae_spider_hilbert_3_sides_1_open,
          nicolae_spider_hilbert_4_sides_1_open,
          nicolae_spider_hilbert_4_sides_1_open,
          nicolae_spider_hilbert_4_sides_1_open,
          nicolae_spider_hilbert_2_sides_1_open,
          nicolae_spider_hilbert_2_sides_1_open,
          nicolae_spider_hilbert_2_sides_1_open,
          nicolae_spider_hilbert_2_sides_1_open,
          nicolae_spider_hilbert_2_sides_1_open,
          nicolae_spider_hilbert_2_sides_1_open], drop_trap,
          nicolae_spider_stair_cavern
Spider:3: layout_spider_delve
Spider:4: hellmonk_spider_rune_endless_swarm
Orc:1:    layout_caves, minmay_orc_temple_a
Orc:2:    st_orc_open, layout_diamond_mine, uniq_azrael, uniq_rupert,
          uniq_nessos
Elf:1:    layout_geoelf_diagonals, minmay_elf_sorcery
Elf:2:    elven_hall_of_blades_hangedman_original [nicolae_blade_bullseye],
          layout_geoelf_octagon, serial_shops, shop, nicolae_wooded_promenade
Elf:3:    minmay_elf_hall_hex, layout_geoelf_grid, laboratory
Vaults:1: nicolae_vaults_house_3, nicolae_vaults_an_arrangement,
          nicolae_vaults_tetromino_L_2, vaults_mumra_minichess,
          vaults_mumra_minichess_inversion, vaults_room_door_ring,
          nicolae_vaults_house_2, v_rooms_3, layout_vaults_big_room
Vaults:2: minmay_crypt_entry_skeletal_spiral, nicolae_vaults_tetromino_Z_2,
          nicolae_vaults_asterisk, nicolae_vaults_octothorpe,
          ontoclasm_vaults_chip, v_misc_5, layout_vaults_omnigrid
Vaults:3: nicolae_vaults_six-pack, hangedman_vaults_stagger,
          nicolae_vaults_stairing_the_circle, nicolae_vaults_ninety_degrees,
          v_misc_18, vaults_dpeg_diagonal, vaults_room_fours,
          nicolae_vaults_big_angled_halls, nicolae_vaults_little_squares_2,
          vaults_room_ringed_pool, nicolae_vaults_asterisk,
          nicolae_vaults_asterisk, layout_vaults_maze_snakey, serial_shops,
          nicolae_shop_window_shopping, uniq_sojobo
Vaults:4: dpeg_vaults_hating_casters, vaults_dpeg_hooks, grunt_vaults_trifunnel,
          vaults_standard_mumra_lines, vaults_room_corners,
          ontoclasm_vaults_ring_large, v_alt_pattern_6, hangedman_vaults_impose,
          nicolae_vaults_little_squares_2, vaults_room_pools, v_misc_3,
          nicolae_vaults_trapezoid_1, vaults_dpeg_ring, layout_vaults_omnicross
Vaults:5
Depths:1: layout_cave_pools, serial_shops, shop, shop, nicolae_square_shop,
          shop, hell_entry, hangedman_decor_peaks_small, minmay_misc_feat_iff,
          st_stairs_7, yredelemnul_altar_generic
Depths:2: dreamdust_isle_of_ice, layout_gridlike, enter_ziggurat_b,
          rand_demon_pan_entry_7, dk_noncrumbling_3, pf_coc_iceberg,
          enter_trove_6, minmay_staircase_bubble, uniq_josephina,
          uniq_bai_suzhen
Depths:3: minmay_swirls_squares, layout_gridlike, tso_altar, hell_entry,
          hangedman_abyss_entry_splay, uniq_margery
Depths:4: evilmike_zot_entry_argh, layout_cave_pools, grunt_hell_entry_dis_old,
          minmay_misc_feat_tower, serial_shops, shop,
          nicolae_shop_tiny_statue_garden, worldfamousw_hep_ancestral_shrine
Zot:1:    layout_cathedral_of_symmetry, regret_index_zotdec_silver_v_v_loose
Zot:2:    layout_misc_corridors, uniq_parghit
Zot:3:    layout_onion, regret_index_zotdec_golden_two_three,
          st_large_dragon_hoard_1
Zot:4:    layout_basic
Zot:5:    layout_onion

Skill      XL: |  1  2  3  4  5  6  7  8  9 10 11 12 13 14 15 16 17 18 19 20 21 22 23 24 |
---------------+-------------------------------------------------------------------------+-----
Axes           | 3 4 5 6 7 9 11 14 16 18 21 22 | 22.1
Fighting       | 4 5 6 7 9 10 12 14 18 19 20 24 27 | 27.0
Armour         | 6 11 15 17 20 22 24 | 24.9
Shields        | 6 11 15 17 20 22 24 | 24.9
Dodging        | 14 19 24 | 24.4

Action                     |  1- 3 |  4- 6 |  7- 9 | 10-12 | 13-15 | 16-18 | 19-21 | 22-24 | 25-27 || total
---------------------------+-------+-------+-------+-------+-------+-------+-------+-------+-------++-------
  Melee: War axe           |    77 |    60 |   253 |   245 |   638 |   977 |   914 |  1118 |    64 ||  4346
         Headbutt          |     6 |    10 |    36 |    53 |   131 |   231 |   275 |   305 |    18 ||  1065
         Unarmed           |       |       |       |       |       |       |       |     1 |       ||     1
  Throw: Dart              |       |       |       |     5 |       |       |       |       |       ||     5
         Throwing net      |       |       |       |     2 |       |       |       |       |       ||     2
 Invoke: Call Merchant     |       |       |       |     1 |     3 |     2 |       |     2 |       ||     8
         Potion Petition   |       |       |       |       |       |     1 |     2 |     1 |       ||     4
         Bribe Branch      |       |       |       |       |       |       |     1 |     2 |       ||     3
  Evoke: Wand              |       |       |     1 |    17 |     3 |       |     1 |     3 |     1 ||    26
         Lightning rod     |       |       |       |       |       |       |     3 |       |       ||     3
    Use: Potion            |       |     1 |     9 |     7 |     5 |     2 |     7 |    12 |       ||    43
         Scroll            |       |       |    14 |    12 |     7 |     5 |     8 |    19 |     2 ||    67
   Stab: Invisible         |       |       |     6 |     2 |       |       |     1 |       |       ||     9
         Distracted        |       |       |     1 |     1 |     7 |    23 |    10 |    14 |     2 ||    58
         Petrified         |       |       |       |       |     2 |       |       |       |       ||     2
 Armour: Scale mail        |    54 |    36 |   165 |     2 |       |       |       |       |       ||   257
         Skin              |       |       |     8 |     3 |       |       |     6 |     1 |       ||    18
         Chain mail        |       |       |       |   213 |   139 |       |       |       |       ||   352
         Crystal plate arm |       |       |       |       |   275 |  1025 |   218 |       |       ||  1518
         Plate armour      |       |       |       |       |       |       |   624 |   646 |    17 ||  1287
  Dodge: Dodged            |    25 |    15 |    99 |    79 |    82 |   250 |   220 |   493 |    17 ||  1280
  Block: Buckler           |    22 |    16 |    59 |    80 |       |       |       |       |       ||   177
         Reflection        |       |       |       |    17 |     3 |       |       |       |       ||    20
         Kite shield       |       |       |       |    72 |   489 |   887 |   456 |       |       ||  1904
         Tower shield      |       |       |       |       |       |       |   612 |  1370 |    48 ||  2030

Table legend: (Time is in decaauts)
 A = Elapsed time spent in this place.
 B = Non-inter-level travel time spent in this place.
 C = Inter-level travel time spent in this place.
 D = Time resting spent in this place.
 E = Time spent auto-exploring this place.
 F = Levels seen in this place.
 G = Mean time per level.
                   A        B        C        D        E       F      G
               +--------+--------+--------+--------+--------+-----+--------+
         Total |  48261 |  43752 |   4509 |   2821 |  31082 |  53 |  910.6 |
       Dungeon |  14344 |  12406 |   1938 |   1227 |   9230 |  15 |  956.3 |
          Lair |   5857 |   5530 |    327 |    108 |   4614 |   5 | 1171.4 |
         Swamp |   3053 |   2758 |    295 |     20 |   1980 |   4 |  763.2 |
   Spider Nest |   4246 |   3942 |    304 |    134 |   2908 |   4 | 1061.5 |
  Orcish Mines |   2299 |   2025 |    274 |    171 |   1573 |   2 | 1149.5 |
   Elven Halls |   2779 |   2441 |    338 |     78 |   1593 |   3 |  926.3 |
        Vaults |   7882 |   7506 |    376 |    814 |   4820 |   5 | 1576.4 |
        Depths |   4302 |   4084 |    218 |     73 |   2797 |   4 | 1075.5 |
           Zot |   1748 |   1312 |    436 |    111 |    636 |   5 |  349.6 |
         Abyss |    324 |    324 |      0 |     43 |      0 |   1 |  324.0 |
      Ziggurat |    154 |    154 |      0 |      0 |     93 |   3 |   51.3 |
         Sewer |    647 |    647 |      0 |      0 |    396 |   1 |  647.0 |
        Bailey |    622 |    622 |      0 |     41 |    439 |   1 |  622.0 |
               +--------+--------+--------+--------+--------+-----+--------+

Top non-repeatable levels by time:
Vaults:4: 2130 daAuts
Vaults:5: 1720 daAuts
Vaults:3: 1654 daAuts
  Lair:1: 1453 daAuts
     D:8: 1452 daAuts
   Orc:2: 1410 daAuts
Spider:2: 1404 daAuts
     D:7: 1403 daAuts
  Lair:3: 1356 daAuts
  Lair:5: 1341 daAuts
Depths:3: 1306 daAuts
Vaults:2: 1295 daAuts
    D:15: 1228 daAuts
Depths:4: 1223 daAuts
    D:10: 1214 daAuts
